 Dungeon Crawl Stone Soup version 0.29.1-4-g47bece8355 (webtiles) character file.

Game seed: 10187134177085621902

162173 Sambug2000 the Shatterer (level 17, -15/173 HPs)
             Began as a Minotaur Fighter on Dec 3, 2022.
             Was the Champion of Trog.
             Demolished by a salamander tyrant (28 damage)
             ... on level 4 of the Snake Pit.
             The game lasted 01:13:52 (34228 turns).

Sambug2000 the Shatterer (Minotaur Fighter)        Turns: 34228, Time: 01:13:52

Health: -15/173    AC: 31    Str: 33    XL:     17   Next: 21%
Magic:  16/16      EV: 15    Int:  5    God:    Trog [******]
Gold:   1861       SH:  0    Dex: 11    Spells: 16/16 levels left

rFire   . . .      SeeInvis +   a - +9 great mace (venom)
rCold   + + .      Faith    +   (shield currently unavailable)
rNeg    + + +      Spirit   .   b - +7 Kryia's mail coat {PotionHeal*2 rC+}
rPois   +          Reflect  .   N - +3 crown of Dyrovepreva {rElec Int+2 SInv}
rElec   +          Harm     .   e - +2 ratskin cloak {*Rats rPois rN+ Str-1 Int-1 Dex+1}
rCorr   .          Rampage  .   o - +2 pair of gloves
Will    ++...      Rage     3%  B - +2 pair of boots
Stlth   +.........              y - amulet of faith
HPRegen 0.38/turn               I - +6 ring of strength
MPRegen 0.15/turn               M - ring of Muuqa {rElec rC+ rN++ Will+ Dex-4}

@: lethally poisoned (-15 -> -17), weakened, on berserk cooldown, slowed, very
slow
A: horns 2, retaliatory headbutt, agile 1, berserk 1, sense surroundings 1
a: Renounce Religion, Berserk, Trog's Hand, Brothers in Arms


You were on level 4 of the Snake Pit.
You worshipped Trog.
Trog was exalted by your worship.
You visited 4 branches of the dungeon, and saw 26 of its levels.
You also visited: Volcano.

You collected 2990 gold pieces.
You spent 1129 gold pieces at shops.

Inventory:

Hand Weapons
 a - a +9 great mace of venom (weapon)
Missiles
 q - 3 throwing nets (quivered)
Armour
 b - the +7 Kryia's mail coat (worn) {PotionHeal*2 rC+}
   (You acquired it on level 3 of the Dungeon)

   Potions are twice as effective at healing its wearer.
   rC:        It protects you from cold.
 e - the +2 ratskin cloak (worn) {*Rats rPois rN+ Str-1 Int-1 Dex+1}
   (You found it on level 1 of the Lair of Beasts)

   When the wearer is hurt, rats may emerge from it to assist them.
   Str:       It affects your strength (-1).
   Int:       It affects your intelligence (-1).
   Dex:       It affects your dexterity (+1).
   rPois:     It protects you from poison.
   rN:        It protects you from negative energy.
 o - a +2 pair of gloves (worn)
 B - a +2 pair of boots (worn)
 N - the +3 crown of Dyrovepreva (worn) {rElec Int+2 SInv}
   (You found it on level 1 of the Orcish Mines)

   Int:       It affects your intelligence (+2).
   rElec:     It insulates you from electricity.
   SInv:      It lets you see invisible.
Jewellery
 h - a ring of protection from cold
 t - a ring of flight
 y - an amulet of faith (around neck)
 A - a +6 ring of strength
 I - a +6 ring of strength (left hand)
 J - a ring of protection from cold
 M - the ring of Muuqa (right hand) {rElec rC+ rN++ Will+ Dex-4}
   (You found it on level 1 of the Orcish Mines)

   [ring of protection from cold]

   Dex:       It affects your dexterity (-4).
   rC:        It protects you from cold.
   rElec:     It insulates you from electricity.
   rN:        It greatly protects you from negative energy.
   Will:      It increases your willpower.
 Q - a +4 ring of protection
 R - a +4 ring of evasion
Wands
 g - a wand of polymorph (10)
 j - a wand of digging (12)
 p - a wand of iceblast (15)
 s - a wand of flame (38)
 w - a wand of paralysis (11)
 z - a wand of quicksilver (7)
Scrolls
 c - 4 scrolls of immolation
 d - a scroll of fear
 f - 3 scrolls of teleportation
 i - 6 scrolls of poison
 m - 28 scrolls of identify
 n - a scroll of butterflies
 v - a scroll of silence
 K - 3 scrolls of enchant weapon
 L - 4 scrolls of magic mapping
 P - a scroll of torment
Potions
 k - a potion of magic
 l - 5 potions of curing
 r - 2 potions of haste
 u - 5 potions of might
 D - a potion of flight
 E - 2 potions of berserk rage
 G - a potion of invisibility
 H - 2 potions of cancellation
Miscellaneous
 x - a box of beasts


   Skills:
 + Level 21.3 Fighting
 + Level 22.8 Maces & Flails
 + Level 16.1 Armour
 + Level 11.3 Dodging
 + Level 4.5 Stealth
 + Level 4.1 Shields


You had 16 spell levels left.
You didn't know any spells.
Your spell library contained the following spells:

 Spells                   Type           Power      Damage    Failure   Level
 Foxfire                  Conj/Fire      0%         2x1d4     63%         1
 Conjure Flame            Conj/Fire      0%         6-21      94%         3
 Inner Flame              Hex/Fire       0%         N/A       94%         3
 Ozocubu's Armour         Ice            0%         N/A       94%         3
 Flame Wave               Conj/Fire      0%         2d4       100%        4
 Ozocubu's Refrigeration  Ice            0%         4d7       100%        7


Dungeon Overview and Level Annotations

Branches:
Dungeon (15/15)            Temple (0/1) D:6            Lair (5/5) D:11
 Shoals (0/4) Lair:2        Snake (4/4) Lair:2        Slime (0/5) Lair:4
    Orc (2/2) D:9             Elf (0/3) Orc:2        Vaults (0/5) D:13
 Depths (0/4) D:15        Volcano (visited)

Altars:
Ashenzari
Cheibriados
Dithmenos
Elyvilon
Hepliaklqana
Nemelex Xobeh
Qazlal
Sif Muna
Trog
Vehumet
Wu Jian
Xom
Yredelemnul
Zin
The Shining One
Jiyva

Shops:
D:3 (   D:6 =*   D:13 ?   Orc:1 !   Orc:2 *!**

Annotations:
D:15 2 runed translucent doors, Yakesh's ghost, journeyman MiFi


Innate Abilities, Weirdness & Mutations

You have a pair of horns on your head.
You reflexively headbutt those who attack you in melee.
You are agile. (Dex +4, Str/Int -1)
You sometimes lose your temper in combat.
You passively map a small area around you.


Message History

You feel less invigorated.
You feel less confused.
You feel sick.
You hear a shout!
The salamander mystic casts a spell at you.
The bolt of magma hits you!
The naga warrior roars a battlecry!
The naga warrior goes into a battle-frenzy!
The salamander tyrant barely misses you.
You bludgeon the salamander mystic!!
The salamander mystic looks as sick as possible!
The salamander mystic is heavily wounded.
You feel sick.
The salamander mystic hits you with a +0 quarterstaff.
You are engulfed in flames!
* * * LOW HITPOINT WARNING * * *
The naga warrior misses you.
The salamander tyrant hits you but does no damage.
You bludgeon the salamander tyrant!!
The salamander tyrant looks as sick as possible!
Your headbutt misses the salamander tyrant.
The salamander tyrant is moderately wounded.
You feel sick.
The salamander mystic closely misses you.
The naga warrior roars a battlecry!
A salamander comes into view.
It is wielding a +4 halberd and quivering poisoned darts.
You barely miss the salamander mystic.
You headbutt the salamander mystic, but do no damage.
The salamander mystic is severely wounded.
You feel sick.
The salamander mystic gestures at you while chanting.
The lance of force hits you but does no damage.
The salamander mystic gestures at the salamander while chanting.
The salamander seems to speed up.
The naga warrior hits you from afar with a +0 glaive!
* * * LOW HITPOINT WARNING * * *
The salamander tyrant hits you!
* * * LOW HITPOINT WARNING * * *
You are engulfed in flames!!
You die...

, * , * , , ,, * ##. ## * , ,
.##. #.. .## .#. * , *..#... #..
..## .... , #N....### #..
...##...N , .....##.### #..
....##..N. .N..##....# #..
.....##...# ##...##.....#####
.....# #..N#* ,##...##.......# #
.....# #.N.####@N.##........###
.....# #.).##N.)##...........##
.....# ##))NNNN##...........###
.....## ###....##...............
......# #.##')##................
......# ##.......................
......###....##).................
.......##...##.).................
.......##..)#.)..................


You could see 2 naga warriors, a salamander tyrant (strong, extremely poisoned),
2 salamander mystics, 2 salamanders and a naga (strong).

Vanquished Creatures
  Jorgrun (D:15)
  A nagaraja (Snake:4)
  2 stone giants
  Nessos (D:13)
  Azrael (Snake:3)
  Snorg (D:13)
  The ghost of 0gre the Frost Mage, a journeyman GnIE of Vehumet (Lair:2)
  2 ettins (Orc:1)
  An ettin (shapeshifter) (D:13)
  Erolcha (D:13)
  An ice dragon (Lair:5)
  A great orb of eyes (Lair:2)
  A salamander tyrant (Snake:3)
  A vault guard (D:13)
  5 hydras
  5 boulder beetles
  4 ogre magi (Orc:2)
  11 naga warriors
  10 anacondas
  19 two-headed ogres
  4 centaur warriors
  The ghost of FizzleBangTC the Geomancer, a novice MeEE of Kikubaaqudgha (D:8)
  5 death yaks (Lair:2)
  7 tengu warriors
  16 naga sharpshooters
  A hell knight (Volcano)
  The ghost of Imnulubo the Destroyer, a novice TeFE of Vehumet (Lair:1)
  Urug (Lair:1)
  6 shock serpents
  4 skeletal warriors (D:13)
  3 salamander mystics
  3 phantasmal warriors (Snake:2)
  4 naga ritualists
  2 lindwurms (Lair:5)
  A wizard (D:14)
  Pikel (D:9)
  2 deep elf pyromancers (D:14)
  An orc knight (Orc:2)
  12 ugly things
  9 mana vipers
  13 cyclopes
  15 salamanders
  2 manticores (D:15)
  34 black mambas
  14 elephants
  Joseph (D:7)
  3 guardian serpents
  A smoke demon (Volcano)
  A gargoyle (D:11)
  13 naga magi
  5 torpor snails (Lair:5)
  9 cane toads
  Maggie (D:6)
  An unseen horror (D:12)
  A kobold demonologist (D:9)
  4 rime drakes
  4 komodo dragons
  2 efreet (D:15)
  2 tengu conjurers
  2 trolls (Orc:2)
  A spectral naga (Snake:2)
  3 tyrant leeches (Lair:5)
  3 red devils (Volcano)
  7 hornets (Lair:5)
  Grinder (D:4)
  2 polar bears
  8 dream sheep (Lair:5)
  9 slime creatures
  10 blink frogs
  A jumping spider (shapeshifter) (D:13)
  A vampire (D:11)
  3 shadows
  A water elemental (D:15)
  A wraith (D:13)
  31 yaks
  9 wyverns
  5 basilisks
  A fire elemental (Snake:3)
  5 fire bats (Volcano)
  5 vampire mosquitoes
  2 steam dragons
  7 wargs
  35 nagas
  An acid dragon (D:10)
  5 hell hounds (Snake:3)
  13 water moccasins
  2 ice beasts
  2 black bears
  17 orc warriors
  35 ogres
  2 sky beasts
  9 wolves
  6 centaurs
  A lemure (D:9)
  6 kobold brigands
  12 bullfrogs
  A gnoll sergeant (D:7)
  A necrophage (D:6)
  3 scorpions
  12 wights
  3 killer bees (D:10)
  6 howler monkeys
  An electric eel (Lair:1)
  7 lava snakes
  Crazy Yiuf (D:4)
  A gnoll bouda (D:7)
  5 hounds
  13 orc priests
  4 jellies
  4 iguanas
  17 orc wizards
  A mummy (D:8)
  Robin (D:4)
  11 gnolls
  4 adders
  A shadow imp (D:6)
  2 white imps (D:6)
  4 ufetubi
  3 worms
  62 orcs
  16 ball pythons
  8 endoplasms
  3 giant cockroaches (D:4)
  10 goblins
  11 hobgoblins
  6 quokkas
  5 bats
  8 frilled lizards
  33 kobolds
  7 rats
  7 bushes (D:6)
826 creatures vanquished.

Vanquished Creatures (collateral kills)
  A death yak (Lair:2)
  A salamander (Snake:3)
2 creatures vanquished.

Vanquished Creatures (others)
  11 fungi
  42 plants
  A withered plant (Lair:1)
54 creatures vanquished.

Grand Total: 882 creatures vanquished

Notes
Turn   | Place    | Note
-------+----------+-------------------------------------------
     0 | D:1      | Sambug2000 the Minotaur Fighter began the quest for the
                  | Orb.
     0 | D:1      | Reached XP level 1. HP: 19/19 MP: 0/0
   140 | D:1      | Reached XP level 2. HP: 27/27 MP: 1/1
   361 | D:1      | Reached skill level 3 in Maces & Flails
   463 | D:1      | Reached XP level 3. HP: 33/33 MP: 2/2
   844 | D:2      | Found a faded altar of an unknown god.
  1090 | D:2      | Reached XP level 4. HP: 5/40 MP: 3/3
  1396 | D:2      | Found a bloodstained altar of Trog.
  1405 | D:2      | Became a worshipper of Trog the Wrathful
  1542 | D:2      | Reached skill level 4 in Maces & Flails
  2052 | D:2      | Identified a scroll of acquirement
  2052 | D:2      | Acquired a +7 dire flail of protection
  2315 | D:3      | Reached skill level 1 in Dodging
  2315 | D:3      | Reached XP level 5. HP: 29/47 MP: 4/4
  2482 | D:3      | Found Roak's Weapon Emporium.
  2795 | D:3      | Found a glowing silver altar of Zin.
  2805 | D:3      | Found a shimmering blue altar of Sif Muna.
  3053 | D:3      | Acquired the +7 Kryia's mail coat {PotionHeal*2 rC+}
  3053 | D:3      | Found the +7 Kryia's mail coat {PotionHeal*2 rC+}
  3154 | D:4      | Noticed an ogre
  3161 | D:4      | Killed an ogre
  3162 | D:4      | Reached skill level 5 in Maces & Flails
  3162 | D:4      | Reached skill level 5 in Armour
  3284 | D:4      | Noticed Robin
  3291 | D:4      | Killed Robin
  3292 | D:4      | Reached XP level 6. HP: 53/53 MP: 5/5
  3295 | D:4      | Reached * piety under Trog
  3368 | D:4      | Found a runed translucent door.
  3368 | D:4      | Noticed Crazy Yiuf
  3372 | D:4      | Killed Crazy Yiuf
  3482 | D:4      | Noticed Grinder
  3489 | D:4      | Killed Grinder
  3490 | D:4      | Reached skill level 6 in Maces & Flails
  3654 | D:4      | Reached skill level 5 in Fighting
  3654 | D:4      | Reached XP level 7. HP: 61/61 MP: 6/6
  3908 | D:4      | Reached skill level 7 in Maces & Flails
  3908 | D:4      | Found a stormy altar of Qazlal.
  4361 | D:5      | Entered Level 5 of the Dungeon
  4434 | D:5      | Identified the +4 robe "Aruwoacs" {rN++}
  4578 | D:5      | Reached skill level 8 in Maces & Flails
  4591 | D:5      | Found a shadowy altar of Dithmenos.
  4621 | D:5      | Found a broken altar of Ashenzari.
  4689 | D:5      | Reached XP level 8. HP: 61/69 MP: 7/7
  5092 | D:6      | Reached skill level 9 in Maces & Flails
  5154 | D:6      | Noticed Maggie
  5169 | D:6      | Killed Maggie
  5205 | D:6      | Identified the +0 ring mail of Ypuv {+Inv}
  5215 | D:6      | Reached skill level 1 in Stealth
  5223 | D:6      | Found a staircase to the Ecumenical Temple.
  5264 | D:6      | Found Roeckeil's Assorted Antiques.
  5273 | D:6      | Bought a pair of embroidered gloves for 187 gold pieces
  5284 | D:6      | Found Ujuruygh's Jewellery Shop.
  5456 | D:6      | Reached skill level 10 in Maces & Flails
  5585 | D:6      | Reached ** piety under Trog
  5615 | D:6      | Reached XP level 9. HP: 76/78 MP: 8/8
  6094 | D:7      | Noticed Joseph
  6106 | D:7      | Killed Joseph
  6107 | D:7      | Reached skill level 11 in Maces & Flails
  6553 | D:7      | Found a radiant altar of Vehumet.
  6717 | D:7      | Found a white marble altar of Elyvilon.
  7072 | D:7      | Found a glowing golden altar of the Shining One.
  7072 | D:7      | Found an ornate altar of the Wu Jian Council.
  7077 | D:7      | Found a sparkling altar of Nemelex Xobeh.
  7080 | D:7      | Reached skill level 12 in Maces & Flails
  7366 | D:8      | Found a shimmering altar of Xom.
  7367 | D:8      | Found a hazy altar of Hepliaklqana.
  7368 | D:8      | Noticed a spectral ugly thing
  7416 | D:8      | Reached *** piety under Trog
  7493 | D:8      | Noticed FizzleBangTC's ghost (novice MeEE)
  7496 | D:8      | Found a runed translucent gate.
  7496 | D:8      | Found a runed translucent gate.
  7496 | D:8      | Found a runed translucent gate.
  7497 | D:8      | Noticed an eight-headed hydra
  7497 | D:8      | Noticed a boulder beetle
  8184 | D:8      | Found a snail-covered altar of Cheibriados.
  8226 | D:8      | Killed an eight-headed hydra
  8227 | D:8      | Reached skill level 13 in Maces & Flails
  8227 | D:8      | Reached XP level 10. HP: 90/90 MP: 9/9
  8234 | D:8      | Killed FizzleBangTC's ghost
  8245 | D:8      | Killed a boulder beetle
  8246 | D:8      | Reached skill level 14 in Maces & Flails
  8319 | D:8      | Identified the +5 glaive "Vius" {holy, Int+3}
  8361 | D:9      | Noticed Pikel
  8378 | D:9      | Killed Pikel
  8503 | D:9      | Reached skill level 10 in Fighting
  8709 | D:9      | Noticed a two-headed ogre
  8715 | D:9      | Killed a two-headed ogre
  8716 | D:9      | Reached XP level 11. HP: 82/101 MP: 10/10
  8806 | D:9      | Found a staircase to the Orcish Mines.
  8904 | D:9      | Gained mutation: You sometimes lose your temper in combat.
                  | [potion of mutation]
  8904 | D:9      | Gained mutation: You have a pair of large horns on your
                  | head. [potion of mutation]
  8904 | D:9      | Gained mutation: You are agile. (Dex +4, Str/Int -1)
                  | [potion of mutation]
  8952 | D:10     | Entered Level 10 of the Dungeon
  9035 | D:10     | Reached **** piety under Trog
  9315 | D:10     | Found a basalt altar of Yredelemnul.
  9352 | D:10     | Reached skill level 15 in Maces & Flails
  9657 | D:11     | Reached skill level 5 in Dodging
  9859 | D:11     | Noticed a boulder beetle
  9880 | D:11     | Killed a boulder beetle
 10081 | D:11     | Noticed a boulder beetle
 10091 | D:11     | Killed a boulder beetle
 10102 | D:11     | Reached ***** piety under Trog
 10285 | D:11     | Found a staircase to the Lair.
 10748 | D:12     | Reached skill level 10 in Armour
 10761 | D:12     | Noticed a two-headed ogre
 10772 | D:12     | Killed a two-headed ogre
 10773 | D:12     | Reached XP level 12. HP: 80/113 MP: 11/11
 10895 | D:12     | Reached skill level 16 in Maces & Flails
 11778 | D:12     | Noticed a boulder beetle
 11790 | D:12     | Killed a boulder beetle
 12099 | D:13     | Noticed Nessos
 12101 | D:13     | Noticed Snorg
 12116 | D:13     | Killed Nessos
 12151 | D:13     | Noticed Erolcha
 12158 | D:13     | Killed Snorg
 12169 | D:13     | Killed Erolcha
 12350 | D:13     | Noticed an ettin
 12366 | D:13     | Killed an ettin
 12503 | D:13     | Found Kadwowim's Magic Scroll Shop.
 12512 | D:13     | Bought a scroll of enchant armour for 105 gold pieces
 12950 | D:13     | Noticed a two-headed ogre
 12957 | D:13     | Killed a two-headed ogre
 13036 | D:13     | Noticed a six-headed hydra
 13040 | D:13     | Killed a six-headed hydra
 13189 | D:13     | Found a gate to the Vaults.
 13189 | D:13     | Noticed a vault guard
 13199 | D:13     | Killed a vault guard
 13471 | D:14     | Noticed a tengu warrior
 13485 | D:14     | Killed a tengu warrior
 13546 | D:14     | Noticed a tengu warrior
 13554 | D:14     | Killed a tengu warrior
 13555 | D:14     | Reached XP level 13. HP: 110/124 MP: 12/12
 13673 | D:14     | Reached skill level 17 in Maces & Flails
 14490 | D:14     | Found a glowing golden altar of the Shining One.
 14535 | D:14     | Lost mutation: You sometimes lose your temper in combat.
                  | [potion of mutation]
 14535 | D:14     | Lost mutation: You have a pair of large horns on your head.
                  | [potion of mutation]
 14535 | D:14     | Gained mutation: You passively map a small area around you.
                  | [potion of mutation]
 14535 | D:14     | Gained mutation: You sometimes lose your temper in combat.
                  | [potion of mutation]
 14563 | D:15     | Entered Level 15 of the Dungeon
 14633 | D:15     | Reached skill level 15 in Fighting
 15259 | D:15     | Found a shimmering altar of Xom.
 15265 | D:15     | Found a shimmering altar of Xom.
 15265 | D:15     | Found a shimmering altar of Xom.
 15266 | D:15     | Found a shimmering altar of Xom.
 15407 | D:15     | Noticed Jorgrun
 15419 | D:15     | Killed Jorgrun
 15559 | D:15     | Found a staircase to the Depths.
 15559 | D:15     | Noticed a stone giant
 15565 | D:15     | Killed a stone giant
 15671 | D:15     | Noticed Yakesh's ghost (journeyman MiFi)
 15671 | D:15     | Noticed a lich
 15671 | D:15     | Noticed a purple very ugly thing
 15689 | D:15     | Reached skill level 18 in Maces & Flails
 16035 | D:15     | Found a runed translucent door.
 16050 | D:15     | Found a runed translucent door.
 16324 | Lair:1   | Entered Level 1 of the Lair of Beasts
 16422 | Lair:1   | Found a dark tunnel.
 16433 | Volcano  | Entered a volcano
 16945 | Volcano  | Found a radiant altar of Vehumet.
 16978 | Volcano  | Received a gift from Trog
 16979 | Volcano  | Reached XP level 14. HP: 70/137 MP: 13/13
 17288 | Volcano  | Found a bloodstained altar of Trog.
 17373 | Lair:1   | Found a runed translucent door.
 17373 | Lair:1   | Noticed Imnulubo's ghost (novice TeFE)
 17389 | Lair:1   | Killed Imnulubo's ghost
 17829 | Lair:1   | Found the +2 ratskin cloak {*Rats rPois rN+ Str-1 Int-1
                  | Dex+1}
 17832 | Lair:1   | Noticed Urug
 17841 | Lair:1   | Killed Urug
 18222 | Lair:2   | Found a staircase to the Snake Pit.
 18902 | Lair:2   | Found a staircase to the Shoals.
 18944 | Lair:2   | Found a runed translucent gate.
 18945 | Lair:2   | Found a runed translucent gate.
 18946 | Lair:2   | Found a runed translucent gate.
 18947 | Lair:2   | Noticed 0gre's ghost (journeyman GnIE)
 18950 | Lair:2   | Found a viscous altar of Jiyva.
 18971 | Lair:2   | Killed 0gre's ghost
 19265 | Lair:2   | Reached skill level 19 in Maces & Flails
 19893 | Lair:3   | Received a gift from Trog
 19904 | Lair:3   | Found the +5 robe of Misfortune {Harm *Corrode *Slow EV+5}
 20432 | Lair:3   | Found a hazy altar of Hepliaklqana.
 21117 | Lair:4   | Found a staircase to the Slime Pits.
 21184 | Lair:4   | Identified the +0 falchion of Imminent Death {venom, Str+2
                  | Int+7}
 21605 | Lair:5   | Entered Level 5 of the Lair of Beasts
 22081 | Lair:5   | Reached skill level 20 in Maces & Flails
 22091 | Lair:5   | Received a gift from Trog
 22246 | Lair:5   | Found a runed translucent door.
 22337 | Lair:5   | Reached XP level 15. HP: 142/147 MP: 14/14
 23365 | Orc:1    | Entered Level 1 of the Orcish Mines
 23365 | Orc:1    | Found Reurchue's Distillery.
 23390 | Orc:1    | Bought a potion of heal wounds for 70 gold pieces
 23390 | Orc:1    | Bought a potion of heal wounds for 70 gold pieces
 23590 | Orc:1    | Reached ****** piety under Trog
 23600 | Orc:1    | Received a gift from Trog
 24143 | Orc:1    | Identified the +11 rapier "Firuo" {flame, rPois rCorr
                  | Dex-4}
 24147 | Orc:1    | Identified the +11 short sword of the Usurping Gods {vamp,
                  | rF+ Str-2 Int+3}
 24150 | Orc:1    | Identified the +5 shortbow "Disipet" {freeze, rF++}
 24168 | Orc:1    | Found the +3 crown of Dyrovepreva {rElec Int+2 SInv}
 24172 | Orc:1    | Identified the ring of Muuqa {rElec rC+ rN++ Will+ Dex-4}
 24331 | Orc:2    | Entered Level 2 of the Orcish Mines
 24385 | Orc:2    | Found a staircase to the Elven Halls.
 24391 | Orc:2    | Identified the +8 lajatang "Death Rattle" {vorpal, *Corrode
                  | rPois rC+++} (Trog gifted it to you on level 2 of the
                  | Orcish Mines)
 24391 | Orc:2    | Received a gift from Trog
 24408 | Orc:2    | Reached skill level 21 in Maces & Flails
 24426 | Orc:2    | Reached skill level 10 in Dodging
 24434 | Orc:2    | Paralysed by an ogre mage for 2 turns
 24511 | Orc:2    | Paralysed by an ogre mage for 5 turns
 24611 | Orc:2    | Received a gift from Trog
 24884 | Orc:2    | Found Utwutezu's Assorted Antiques.
 24884 | Orc:2    | Found Niantith's Assorted Antiques.
 24885 | Orc:2    | Found Ruck's Assorted Antiques.
 24885 | Orc:2    | Found Rywuno's Distillery.
 24896 | Orc:2    | Bought a potion of heal wounds for 160 gold pieces
 24896 | Orc:2    | Bought a scroll of enchant armour for 240 gold pieces
 24896 | Orc:2    | Bought a scroll labelled FAGUMP FUEGRET for 32 gold pieces
 24897 | Orc:2    | Bought a scroll of enchant weapon for 195 gold pieces
 24898 | Orc:2    | Bought a potion of heal wounds for 70 gold pieces
 26836 | Snake:1  | Entered Level 1 of the Snake Pit
 27216 | Snake:1  | Reached XP level 16. HP: 159/160 MP: 15/15
 27696 | Snake:1  | Received a gift from Trog
 28553 | Snake:1  | Acquired a +2 cloak of stealth
 28602 | Snake:2  | Reached skill level 15 in Armour
 29919 | Snake:2  | Reached skill level 22 in Maces & Flails
 30503 | Snake:2  | You fall into a shaft and drop 1 floor!
 30512 | Snake:3  | Received a gift from Trog
 31129 | Snake:3  | Noticed Azrael
 31142 | Snake:3  | Killed Azrael
 33136 | Snake:4  | Entered Level 4 of the Snake Pit
 33726 | Snake:4  | Reached XP level 17. HP: 172/172 MP: 16/16
 33749 | Snake:4  | Received a gift from Trog
 33775 | Snake:4  | HP: 7/173 [salamander/+0 spear (13)]
 34211 | Snake:4  | HP: 8/173 [poisoned by a naga warrior (splash of poison)]
 34228 | Snake:4  | Demolished by a salamander tyrant

Illustrated notes

Levels and vault maps discovered:
D:1:      roderic_dead_forest, layout_basic, corexii_item_surrounded_by_moat
D:2:      minmay_angry_zag, layout_loops_ring,
          shapermc_ecumenical_altar_pompeii, basic_altar
D:3:      layout_basic, mainiacjoe_overflow_big_doors, serial_shops, shop_statue
D:4:      layout_loops_ring, mainiacjoe_overflow_alcove_1,
          minmay_misc_feat_cross, kennysheep_dice, uniq_crazy_yiuf_cottage,
          uniq_robin, uniq_grinder
D:5:      layout_loops_ring, mainiacjoe_overflow_boulevard, ashenzari_altar_1,
          hex_tiny
D:6:      layout_loops_ring, minmay_temple_entry_mist, serial_shops,
          nicolae_square_shop, minmay_shop_enchanted_jewellery,
          minmay_statues_item, lexackson_kobold_supper, uniq_maggie
D:7:      layout_loops_ring, gammafunk_temple_overflow_claw,
          mainiacjoe_overflow_swirl, amethyst_killhole, uniq_joseph
D:8:      layout_loops_ring, regret_index_temple_of_mockery, slow_altar_2,
          gammafunk_ghost_split
D:9:      layout_cross, orc_0_dummy, serial_rivers,
          chequers_serial_rivers_micro_e, chequers_serial_rivers_small_b,
          chequers_serial_rivers_micro_b, chequers_serial_rivers_micro_a,
          chequers_serial_rivers_small_3, uniq_pikel
D:10:     layout_irregular_city, mainiacjoe_overflow_catwalk, serial_glass,
          glass_columns_b, glass_columns_a, glass_columns_a, glass_columns_a,
          glass_columns_b, glass_columns_b, glass_columns_c, glass_columns_b
D:11:     layout_basic, minmay_lair_entry_grove, dk_vineyard_1
D:12:     layout_loops_ring
D:13:     layout_basic, david_vaults_5, serial_shops, shop, uniq_nessos,
          uniq_snorg, uniq_erolcha
D:14:     layout_roguey, tso_altar, minmay_misc_feat_square
D:15:     grunt_enter_depths_snipers, layout_basic, xom_redecorated,
          muffindrake_ghost_dual_entry, uniq_jorgrun
Lair:1:   layout_regular_city, gammafunk_ghost_grave,
          nicolae_volcano_entry_hallway, grunt_megastairs_1,
          infiniplex_staircase_pool, uniq_urug
Lair:2:   layout_gridlike, elwin_shoals_entry_rocks,
          minmay_snake_entry_guardpost_small, gammafunk_ghost_ooze
Lair:3:   layout_regular_city, basic_altar, amcnicky_mini_pool_medium,
          grunt_megastairs_3
Lair:4:   layout_roguey, slime_entry_1
Lair:5:   wormcave, layout_cave_pods
Snake:1:  layout_chambers, nicolae_snake_omega
Snake:2:  nicolae_snakescales, layout_misc_corridors, st_stairs_14,
          nicolae_snake_ghostly_warrior_ritual
Snake:3:  layout_chambers, uniq_azrael
Snake:4:  johnstein_snake_rune_scales, layout_grid_shapes, minmay_shop_grove,
          uniq_vashnia
Orc:1:    giant_chief_lemuel, layout_caves, serial_shops, shop, mines1_david
Orc:2:    st_orc_ogre_mass, layout_caves

Skill      XL: |  1  2  3  4  5  6  7  8  9 10 11 12 13 14 15 16 17 |
---------------+----------------------------------------------------+-----
Fighting       | 4 5 6 8 10 12 14 16 17 19 20 21 | 21.3
Armour         | 4 5 6 7 8 10 12 13 14 15 16 | 16.1
Maces & Flails | 3 4 5 6 8 10 13 14 15 16 18 20 21 22 | 22.8
Shields        | 4 |  4.1
Dodging        | 1 2 3 4 6 7 8 9 10 11 | 11.3
Stealth        | 1 2 3 4 |  4.5

Action                   |  1- 3 |  4- 6 |  7- 9 | 10-12 | 13-15 | 16-18 || total
-------------------------+-------+-------+-------+-------+-------+-------++-------
Melee: Flail             |    99 |    31 |       |       |       |       ||   130
       Headbutt          |    11 |    15 |    74 |    87 |   168 |   112 ||   467
       Dire flail        |       |    73 |   327 |   351 |   181 |       ||   932
       Great mace        |       |       |       |       |   607 |   456 ||  1063
Invok: Berserk           |       |       |     1 |     1 |     5 |     5 ||    12
       Trog's Hand       |       |       |       |       |     1 |     1 ||     2
  Use: Scroll            |     4 |     7 |     6 |     3 |    14 |     5 ||    39
       Potion            |     4 |     2 |     4 |     4 |     9 |    15 ||    38
 Stab: Distracted        |       |       |       |       |       |     1 ||     1
       Invisible         |       |       |       |       |       |     2 ||     2
Armor: Scale mail        |    41 |    47 |   116 |   150 |   373 |   277 ||  1004
Dodge: Dodged            |    40 |    52 |    93 |   160 |   523 |   286 ||  1154
Block: Buckler           |    17 |    10 |       |       |       |       ||    27
